 Dungeon Crawl Stone Soup version 0.29.0-5-ge4962eb29e (console) character file.

Game seed: 4923879650243808996

98 odiv the Chopper (level 4, -3/33 HPs)
             Began as a Demonspawn Wanderer on Aug 29, 2022.
             Slain by an orc
             ... wielding a +0 hand axe
              (6 damage)
             ... on level 3 of the Dungeon.
             The game lasted 00:07:13 (2280 turns).

odiv the Chopper (Demonspawn Wanderer)              Turns: 2280, Time: 00:07:14

Health: -3/33      AC:  4    Str: 17    XL:     4   Next: 43%
Magic:  0/4        EV: 11    Int: 10    God:
Gold:   63         SH:  0    Dex: 13    Spells: 3/3 levels left

rFire   . . .      SeeInvis .   a - +2 hand axe
rCold   + + .      Faith    .   (no shield)
rNeg    . . .      Spirit   +   f - +0 leather armour
rPois   .          Reflect  .   (no helmet)
rElec   +          Harm     .   (no cloak)
rCorr   +          Rampage  .   o - +0 pair of gloves
Will    .....                   (no boots)
Stlth   +.........              m - amulet of guardian spirit
HPRegen 0.11/turn               t - ring of protection from cold
MPRegen 0.09/turn               g - ring of Red Wine {rElec rC+ rCorr}

@: no status effects
A: ignite blood 1, demonic touch 1
a: no special abilities


You were on level 3 of the Dungeon.
You visited 1 branch of the dungeon, and saw 3 of its levels.

You collected 63 gold pieces.

Inventory:

Hand Weapons
 a - a +2 hand axe (weapon)
 b - a +0 sling
 d - a +0 dagger
 l - a +0 quarterstaff
Missiles
 c - 15 poisoned darts (quivered)
 h - 5 boomerangs
 j - 29 stones
 r - 6 silver boomerangs
Armour
 f - a +0 leather armour (worn)
 o - a +0 pair of gloves (worn)
Magical Staves
 n - a staff of air
Jewellery
 g - the ring of Red Wine (right hand) {rElec rC+ rCorr}
   (You acquired it on level 2 of the Dungeon)

   [ring of resist corrosion]

   rC:        It protects you from cold.
   rElec:     It insulates you from electricity.
   rCorr:     It protects you from acid and corrosion.
 m - an amulet of guardian spirit (around neck)
 t - a ring of protection from cold (left hand)
Scrolls
 i - 6 scrolls of teleportation
 k - a scroll of poison {unknown}
 v - a scroll of amnesia {unknown}
Potions
 e - 2 potions of haste


   Skills:
 - Level 2.0 Fighting
 + Level 4.8 Axes
 - Level 1.7 Ranged Weapons
 - Level 1.0 Throwing
 - Level 1.0 Armour
 - Level 1.0 Stealth


You had 3 spell levels left.
You didn't know any spells.
Your spell library was empty.

Dungeon Overview and Level Annotations

Branches:
Dungeon (3/15)

Altars:


Innate Abilities, Weirdness & Mutations

Your demonic aura sometimes causes spilled blood to erupt in flames.
Your touch may inflict minor irresistible damage on your foes.


Message History

You closely miss something. Your punch misses something.
You barely miss the hobgoblin.
An orc wizard comes into view. It is wielding a +0 dagger.
Something hits you. The hobgoblin barely misses you.
You barely miss something. You closely miss the hobgoblin.
The orc wizard shouts!
You hear some strange, mumbled words.
You are confused.
The hobgoblin hits you.
Unknown command.
You closely miss something. You hit the hobgoblin. Something hits you.
The hobgoblin misses you. The hobgoblin hits you.
You hear some strange, mumbled words.
A magic dart appears from out of thin air!
The magic dart hits you!
Unknown command.
Something hits you but does no damage. The orc barely misses you.
The hobgoblin misses you.
In your confused state, you trip and fall back down the stairs.
The orc hits you with a +0 hand axe.
* * * LOW HITPOINT WARNING * * *
Something hits you.
* * * LOW HITPOINT WARNING * * *
The hobgoblin hits you.
* * * LOW HITPOINT WARNING * * *
It was a potion of lignification.
You turn into a tree.
Your +0 pair of gloves melds into your body.
Your +0 leather armour melds into your body.
Your roots penetrate the ground.
The orc completely misses you. Something hits you.
* * * LOW HITPOINT WARNING * * *
The hobgoblin hits you but does no damage.
It was a potion of cancellation.
Your magical effects are unravelling.
You feel magically purged.
You feel less wooden.
Your +0 pair of gloves unmelds from your body.
Your +0 leather armour unmelds from your body.
You feel less confused. The orc hits you with a +0 hand axe.
You die...

######
##.....##
#.......##
.........#
)........#
.........#
.......o.#
.......g@#
#......{##
.......o.#
.......o.#
..........
.........##
.........#
..!.......
##......##


You could see an orc wizard, 2 orcs and a hobgoblin.

Vanquished Creatures
  Jessica (D:2)
  2 adders (D:2)
  2 worms (D:2)
  4 dart slugs
  A ball python (D:1)
  2 endoplasms
  2 giant cockroaches
  5 hobgoblins
  4 kobolds
  3 quokkas
  8 bats
  3 frilled lizards
  4 rats
41 creatures vanquished.

Notes
Turn   | Place    | Note
-------+----------+-------------------------------------------
     0 | D:1      | odiv the Demonspawn Wanderer began the quest for the Orb.
     0 | D:1      | odiv set off with the following items: a +2 hand axe, a +0
                  | sling, 14 poisoned darts, a +0 dagger, a potion of haste, a
                  | +0 leather armour.
     0 | D:1      | Reached XP level 1. HP: 16/16 MP: 1/1
   295 | D:1      | Reached skill level 3 in Axes
   352 | D:1      | Gained mutation: Your demonic aura sometimes causes spilled
                  | blood to erupt in flames. [demonic ancestry]
   352 | D:1      | Reached XP level 2. HP: 21/22 MP: 2/2
   853 | D:1      | Found a faded altar of an unknown god.
  1416 | D:2      | Noticed Jessica
  1511 | D:2      | Killed Jessica
  1512 | D:2      | Reached skill level 4 in Axes
  1512 | D:2      | Reached XP level 3. HP: 22/27 MP: 1/3
  1738 | D:2      | Gained mutation: Your touch may inflict minor irresistible
                  | damage on your foes. [demonic ancestry]
  1738 | D:2      | Reached XP level 4. HP: 32/33 MP: 4/4
  2168 | D:2      | Identified a scroll of acquirement
  2168 | D:2      | Acquired the ring of Red Wine {rElec rC+ rCorr}
  2280 | D:3      | Slain by an orc

Illustrated notes

Levels and vault maps discovered:
D:1:      dpeg_arrival_prison, layout_basic, basic_ecumenical_altar
D:2:      layout_rooms, uniq_jessica
D:3:      layout_rooms, nicolae_yredelemnul_ghost_church, serial_shops,
          nicolae_shop_advertising_works [nicolae_subvault_shop_adworks],
          reono_crystal_passage

Skill      XL: |  1  2 |
---------------+-------+-----
Axes           | 3 4 |  4.8
Fighting       | |  2.0
Ranged Weapons | |  1.7
Throwing       | |  1.0
Armour         | |  1.0
Stealth        | |  1.0

Action                   |  1- 3 |  4- 6 || total
-------------------------+-------+-------++-------
Melee: Hand axe          |    79 |    16 ||    95
       Punch             |     1 |       ||     1
       Touch             |       |     2 ||     2
 Fire: Sling             |    25 |    41 ||    66
Throw: Dart              |     7 |       ||     7
  Use: Scroll            |       |     5 ||     5
       Potion            |       |     2 ||     2
 Stab: Sleeping          |     1 |       ||     1
Armor: Leather armour    |    27 |     6 ||    33
       Skin              |       |     1 ||     1
Dodge: Dodged            |    55 |    13 ||    68
